AoeStats
← Ghosty4406

Black Forest

509290226Analyzed
4v4 RM · 4d ago on Sep 26, 2026· 83m 51s· 8 players
Game mode
Random Map
Map size
Large (8 player)
Population
200
Speed
Normal
Resources
Standard
Victory
Conquest
Starting age
Dark Age
Ending age
Imperial Age
RankedLock teamsTeams togetherTeam positionsShared explorationLock speedFull tech treeHidden civsTurbo modeCheats
Victory
Defeat
🇹🇼 Burgundians · Taiwan
1173
+15
🇨🇳 Vikings · China
1146
+16
🇨🇳 Saxons · China
1125
+17
🇹🇼 Shu · Taiwan
1108
+18
🇮🇳 Celts · India
1185
-18
🇹🇼 Vietnamese · Taiwan
1172
-17
🇨🇳 Burgundians · China
1163
-17
🇻🇳 Spanish · Vietnam
1093
-14
bubu09
0:27 Loom
10:04 Feudal Age
10:55 Feudal Age
10:34 Double-Bit Axe
16:09 Castle Age
18:03 Wheelbarrow
18:14 Wheelbarrow
18:47 Bow Saw
21:13 Horse Collar
25:06 Heavy Plow
27:26 Gold Mining
27:28 Stone Mining
29:16 Husbandry
28:37 Cavalier
29:52 Burgundian Vineyards
33:27 Imperial Age
31:13 Hand Cart
32:10 Forging
32:05 Scale Barding Armor
33:51 Paladin
34:25 Treadmill Crane
35:39 Conscription
36:30 Chemistry
37:55 Two-Man Saw
37:45 Squires
37:06 Pikeman
41:37 Iron Casting
41:22 Chain Barding Armor
41:02 Scale Mail Armor
44:37 Blast Furnace
44:38 Crop Rotation
43:42 Halberdier
44:41 Light Cavalry
45:41 Guilds
48:40 Chain Mail Armor
49:00 Plate Barding Armor
51:03 Caravan
50:36 Onager
50:46 Elite Skirmisher
54:28 Plate Mail Armor
72:20 Hussar
SBZ
0:31 Loom
10:43 Feudal Age
17:44 Castle Age
24:51 Horse Collar
25:56 Double-Bit Axe
28:23 Wheelbarrow
28:34 Heavy Plow
32:28 Imperial Age
30:36 Gold Mining
31:31 Fletching
31:42 Padded Archer Armor
32:32 Gold Shaft Mining
32:25 Bow Saw
32:28 Caravan
32:03 Crossbowman
33:23 Leather Archer Armor
33:03 Bodkin Arrow
33:56 Bolt Magazine
33:38 Arbalester
34:23 Thumb Ring
34:29 Town Watch
35:59 Ballistics
36:40 Chemistry
37:36 Bracer
38:06 Ring Archer Armor
37:30 Treadmill Crane
43:10 Two-Man Saw
54:01 Elite Skirmisher
56:39 Siege Engineers
63:43 Pikeman
64:24 Squires
65:50 Conscription
65:17 Halberdier
66:31 Scale Mail Armor
66:42 Forging
68:57 Chain Mail Armor
70:36 Plate Mail Armor
梁志超他奶
10:14 Feudal Age
10:46 Double-Bit Axe
11:48 Man-at-Arms
12:21 Horse Collar
12:50 Gold Mining
13:08 Arson
19:35 Castle Age
18:10 Stone Mining
19:17 Forging
20:50 Squires
20:56 Heavy Plow
21:43 Gold Shaft Mining
21:25 Bow Saw
22:23 Gold Shaft Mining
24:09 Wheelbarrow
25:41 Gold Shaft Mining
28:09 Loom
28:41 Hand Cart
32:00 Imperial Age
30:11 Scale Mail Armor
30:02 Gambesons
31:17 Iron Casting
32:08 Chain Mail Armor
32:19 Town Watch
33:06 Conscription
34:07 Two-Man Saw
33:44 Crop Rotation
32:54 Shield Wall
34:20 Conscription
33:41 Elite Varangian Guard
35:09 Plate Mail Armor
38:51 Padded Archer Armor
38:41 Fletching
39:07 Scale Barding Armor
39:47 Leather Archer Armor
39:21 Heavy Mounted Crossbowman
39:22 Cranequins
40:08 Thumb Ring
39:31 Cranequins
40:16 Thumb Ring
39:52 Sappers
41:00 Hoardings
39:56 Clerical Recruitment
40:54 Town Patrol
41:07 Bodkin Arrow
41:38 Ballistics
41:33 Masonry
42:01 Sanctity
42:12 Illumination
42:44 Ring Archer Armor
44:14 Coinage
43:22 Pikeman
44:33 Bracer
46:22 Caravan
50:29 Treadmill Crane
50:54 Siege Engineers
51:27 Elite Skirmisher
53:28 Chemistry
53:50 Theocracy
54:23 Herbal Medicine
61:43 Halberdier
63:06 Block Printing
63:18 Redemption
78:46 Elite Hearth Troop
79:16 Capped Ram
80:29 Siege Ram
1361331795
0:32 Loom
12:21 Feudal Age
12:55 Arson
13:05 Man-at-Arms
16:48 Horse Collar
16:55 Double-Bit Axe
24:01 Castle Age
26:52 Heavy Plow
27:04 Bow Saw
27:14 Stone Mining
27:30 Squires
30:44 Gold Mining
35:28 Imperial Age
34:28 Forging
34:18 Scale Mail Armor
36:38 Conscription
36:32 Caravan
36:06 Capped Ram
38:25 Crop Rotation
38:20 Chieftains
38:57 Pikeman
40:16 Iron Casting
39:56 Chain Mail Armor
39:53 Onager
44:48 Elite Berserk
50:50 Blast Furnace
50:20 Plate Mail Armor
55:11 Siege Ram
56:54 Fletching
57:04 Padded Archer Armor
56:27 Elite Skirmisher
58:43 Two-Man Saw
58:27 Bodkin Arrow
58:47 Leather Archer Armor
61:33 Ballistics
61:24 Masonry
61:20 Siege Engineers
66:43 Chemistry
66:14 Architecture
65:25 Treadmill Crane
81:30 Arrowslits
81:36 Guard Tower
Polo AK
0:32 Loom
1:13 Loom
11:27 Feudal Age
10:20 Double-Bit Axe
15:25 Castle Age
13:29 Horse Collar
16:15 Forging
16:44 Scale Barding Armor
24:24 Wheelbarrow
32:21 Imperial Age
30:17 Husbandry
30:29 Cavalier
31:37 Bow Saw
31:36 Heavy Plow
31:33 Gold Mining
32:16 Hand Cart
32:52 Paladin
35:28 Chemistry
35:15 Iron Casting
36:58 Blast Furnace
35:59 Treadmill Crane
36:45 Town Watch
38:09 Gold Shaft Mining
38:27 Crop Rotation
38:21 Chain Barding Armor
39:05 Two-Man Saw
41:05 Town Patrol
42:12 Plate Barding Armor
41:38 Scale Mail Armor
41:32 Stone Mining
44:15 Conscription
44:34 Stone Shaft Mining
45:23 Burgundian Vineyards
46:05 Ballistics
48:38 Chain Mail Armor
49:56 Hoardings
51:20 Light Cavalry
52:47 Caravan
55:35 Squires
56:18 Plate Mail Armor
55:51 Padded Archer Armor
55:41 Fletching
56:11 Pikeman
58:03 Halberdier
58:32 Arson
62:57 Man-at-Arms
69:55 Bombard Tower
75:32 Flemish Revolution
Jason
8:02 Loom
11:03 Feudal Age
11:45 Double-Bit Axe
12:36 Wheelbarrow
11:53 Gold Mining
11:44 Horse Collar
18:11 Castle Age
19:34 Bow Saw
19:29 Heavy Plow
25:34 Hand Cart
30:05 Imperial Age
27:49 Town Watch
29:46 Scale Barding Armor
29:51 Forging
31:14 Chatras
32:25 Two-Man Saw
32:20 Bloodlines
32:11 Husbandry
31:32 Elite Battle Elephant
32:38 Chain Barding Armor
32:53 Iron Casting
32:27 Caravan
35:03 Plate Barding Armor
77:48 Fletching
77:58 Padded Archer Armor
78:10 Crossbowman
78:51 Bodkin Arrow
78:53 Arbalester
79:39 Thumb Ring
80:12 Bracer
80:27 Leather Archer Armor
81:18 Chemistry
80:38 Ballistics
82:19 Ring Archer Armor
Lam
1:17 Loom
12:20 Feudal Age
16:06 Castle Age
14:57 Double-Bit Axe
15:03 Horse Collar
17:19 Wheelbarrow
17:17 Bow Saw
30:21 Imperial Age
28:57 Ballistics
28:33 Murder Holes
28:49 Masonry
28:07 Pikeman
28:47 Squires
28:33 Arson
29:20 Gold Mining
29:21 Stone Mining
29:48 Hand Cart
29:19 Town Watch
29:31 Gambesons
30:18 Heavy Plow
30:51 Town Patrol
31:22 Forging
31:13 Scale Mail Armor
30:59 Halberdier
33:03 Two-Man Saw
33:34 Chemistry
33:20 Iron Casting
33:01 Chain Mail Armor
33:50 Architecture
35:15 Conscription
36:13 Fletching
39:00 Blast Furnace
38:30 Plate Mail Armor
50:14 Elite Skirmisher
51:18 Bodkin Arrow
51:24 Padded Archer Armor
51:39 Fortified Wall
51:39 Guard Tower
51:35 Arrowslits
51:18 Imperial Skirmisher
52:26 Bracer
52:58 Thumb Ring
53:10 Leather Archer Armor
55:38 Ring Archer Armor
55:43 Cavalier
56:34 Bloodlines
56:24 Husbandry
59:24 Paladin
63:49 Scale Barding Armor
64:55 Caravan
65:26 Coinage
65:07 Guilds
69:26 Chain Barding Armor
78:37 Plate Barding Armor
Ghosty4406
0:33 Loom
13:07 Feudal Age
30:44 Castle Age
28:57 Double-Bit Axe
28:55 Horse Collar
32:40 Bow Saw
33:59 Crossbowman
45:18 Heavy Plow
48:33 Coinage
49:02 Wheelbarrow
50:10 Hand Cart
52:45 Imperial Age
53:05 Capped Ram
53:38 Heavy Scorpion
54:41 Siege Ram
56:03 Banking
55:34 Caravan
56:40 Pikeman
57:06 Arson
58:27 Halberdier
60:59 Onager
63:11 Siege Onager
69:44 Forging
69:34 Scale Mail Armor
69:27 Siege Ram
Connection lost

Rejoining the realm…

Still unreachable

The connection could not be restored.

Session expired

The server has moved on; the page needs a fresh start.